 Dungeon Crawl Stone Soup version 0.19.1 (webtiles) character file.

21915 Darkmans the Thaumaturge (level 12, 8/81 HPs)
             Began as a Green Draconian Conjurer on Dec 20, 2016.
             Was an Elder of Vehumet.
             Quit the game on level 12 of the Dungeon on Dec 21, 2016.
             The game lasted 01:30:50 (27657 turns).

Darkmans the Thaumaturge (DrCj)                    Turns: 27657, Time: 01:30:51

Health: 8/81       AC: 13    Str: 12    XL:     12   Next: 58%
Magic:  26/26      EV: 17    Int: 21    God:    Vehumet [****..]
Gold:   863        SH:  8    Dex: 12    Spells: 6 memorised, 13 levels left

rFire  . . .     SeeInvis .     z - +1 whip (venom)
rCold  . . .     Gourm    +     (armour unavailable)
rNeg   . . .     Faith    .     J - +2 buckler
rPois  +         Spirit   .     (helmet restricted)
rElec  .         Reflect  .     V - +2 cloak
rCorr  .         Harm     .     u - +0 pair of gloves
MR     .....                    y - +0 pair of boots
Stlth  ++........               L - amulet of the gourmand
                                Z - +2 ring of strength
                                v - ring of flight

@: no status effects
A: breathe noxious fumes, unfitting armour, horns 1, blurry vision 1, mutation
resistance 1, poison resistance, screaming 1, cold-blooded, AC +8
a: Breathe Noxious Fumes, Renounce Religion, Evoke Flight


You were on level 12 of the Dungeon.
You worshipped Vehumet.
Vehumet was greatly pleased with you.
You were near starving.

You visited 4 branches of the dungeon, and saw 17 of its levels.
You also visited: Bailey.

You collected 863 gold pieces.

Inventory:

Hand Weapons
 i - a +0 dagger
 z - a +1 whip of venom (weapon)
Armour
 u - a +0 pair of gloves (worn)
 y - a +0 pair of boots (worn)
 F - a +0 cloak of invisibility
 J - a +2 buckler (worn)
 V - a +2 cloak (worn)
Magical Staves
 N - a cursed staff of energy
Jewellery
 v - a ring of flight (left hand)
 D - an uncursed ring of fire
 L - an amulet of the gourmand (around neck)
 Z - a +2 ring of strength (right hand)
Wands
 h - a wand of iceblast (6/15)
 U - a wand of iceblast (12/15)
Scrolls
 f - a scroll of fear
 k - 3 scrolls of magic mapping
 l - 4 scrolls of remove curse
 A - a scroll of blinking
 C - a scroll of recharging
 E - a scroll of enchant weapon
 H - 2 scrolls of amnesia
Potions
 e - 5 potions of might
 g - 2 potions of haste
 m - 2 potions of agility
 n - 5 potions of curing
 q - 2 potions of lignification
 r - a potion of invisibility
 s - a potion of brilliance {unknown}
Books
 a - a book of Conjurations

   Spells                             Type                      Level
   a - Magic Dart                     Conjuration                  1
   b - Searing Ray                    Conjuration                  2
   c - Dazzling Spray                 Conjuration/Hexes            3
   d - Fulminant Prism                Conjuration/Hexes            4
   e - Iskenderun's Mystic Blast      Conjuration                  4
   f - Iskenderun's Battlesphere      Conjuration/Charms           5
 o - a book of Maledictions

   Spells                             Type                      Level
   a - Corona                         Hexes                        1
   b - Ensorcelled Hibernation        Hexes/Ice                    2
   c - Confuse                        Hexes                        3
   d - Tukima's Dance                 Hexes                        3
   e - Dazzling Spray                 Conjuration/Hexes            3
 Y - a book of Debilitation

   Spells                             Type                      Level
   a - Corona                         Hexes                        1
   b - Slow                           Hexes                        2
   c - Gell's Gravitas                Hexes/Translocation          3
   d - Inner Flame                    Hexes/Fire                   3
   e - Cause Fear                     Hexes                        4
   f - Leda's Liquefaction            Hexes/Earth                  4
Comestibles
 b - 9 bread rations
 d - a slice of pizza
 p - a royal jelly
 t - 5 beef jerkies
 w - 2 meat rations


   Skills:
 - Level 0.2 Fighting
 + Level 10.0 Dodging
 - Level 1.8 Stealth
 - Level 9.0 Shields
 - Level 0.2 Unarmed Combat
 - Level 10.4 Spellcasting
 + Level 9.8 Conjurations
 - Level 7.0 Hexes


You had 13 spell levels left.
You knew the following spells:

 Your Spells              Type           Power        Failure   Level  Hunger
a - Magic Dart            Conj           ####         1%          1    None
b - Searing Ray           Conj           ######       1%          2    None
c - Confuse               Hex            #####...     1%          3    None
d - Force Lance           Conj/Tloc      ####....     2%          4    ##.....
e - Iskenderun's Mystic   Conj           ######..     1%          4    ##.....
f - Airstrike             Air            ##........   24%         4    ##.....


Dungeon Overview and Level Annotations

Branches:
Dungeon (12/15)            Temple (1/1) D:6            Lair (3/6) D:9
 Spider (0/4) Lair:2          Orc (1/2) D:12
  Swamp: Lair:2-4    Shoals: Lair:2-4

Altars:
Cheibriados
Dithmenos
Elyvilon
Fedhas
Gozag
Hepliaklqana
Kikubaaqudgha
Makhleb
Nemelex Xobeh
Okawaru
Qazlal
Ru
Sif Muna
Uskayaw
Vehumet
Xom
The Shining One

Shops:
D:8 [   D:12 (


Innate Abilities, Weirdness & Mutations

You can breathe blasts of noxious fumes.
Your lurid green scales are hard. (AC +8)
You cannot fit into any form of body armour.
Your system is resistant to poisons. (rPois)
You are cold-blooded and may be slowed by cold attacks.
You have a pair of small horns on your head.
Scrolls take you a little longer to read.
You are somewhat resistant to further mutation.
You occasionally shout uncontrollably at your foes.


Message History

The floor. 2 howler monkeys come into view.
The howler monkey hoots and howls with incredible vigour!
Items here: )) [[ a robe; a dagger; a plate armour; a long sword
There is a stone staircase leading up here.
The skeletal warrior hits you with a morningstar!!
You climb upwards.
You are near starving!
There is a stone staircase leading down, spattered with blood here.
You see here 5 stones.
You climb downwards.
The skeletal warrior hits you with a war axe of chopping!!
The howler monkey hits you but does no damage.
The skeletal warrior hits you with a war axe of chopping!
* * * LOW HITPOINT WARNING * * *
x2 The howler monkey howls!
There is a stone staircase leading up, spattered with blood here.
Okay, then.
Are you sure you want to abandon this character and quit the game? (Confirm with "yes".)

........#################.#
........# #.#
........#################.#
.......(..................#
.........(................#
#######...................#
#######...................#
....h...........z.........#
...h.....h.....h@z........#
..........................#
#######..##################
.....)...########
.................
.........########
........[########
.................
.................


You could see 2 skeletal warriors and 2 howler monkeys.

Vanquished Creatures
  A hydra (D:12)
  A centaur warrior (D:12)
  An unseen horror (D:10)
  6 hill giants
  Pikel (D:6)
  3 orc knights (Bailey)
  A cyclops (D:12)
  2 spiny frogs
  A rime drake (Lair:1)
  2 komodo dragons
  3 jumping spiders (Lair:2)
  2 two-headed ogres
  Grinder (D:6)
  2 slime creatures (D:12)
  5 hippogriffs
  5 redbacks
  A wyvern (Lair:1)
  8 yaks
  Eustachio (D:6)
  4 hungry ghosts
  2 water moccasins
  3 porcupines
  11 orc warriors
  A sky beast (D:9)
  2 slaves (D:6)
  An eye of draining (D:11)
  A black bear (D:11)
  3 ice beasts
  A necrophage (D:12)
  5 phantoms
  9 ogres
  4 centaurs
  3 crocodiles
  4 big kobolds
  8 bullfrogs
  A scorpion (D:3)
  A wyvern skeleton (D:11)
  22 killer bees
  4 wights
  3 electric eels (D:8)
  8 howler monkeys
  A centaur zombie (D:9)
  2 crimson imps
  4 bullfrog zombies
  8 hounds
  3 quasits
  2 jellies
  15 orc wizards
  7 orc priests
  3 bullfrog skeletons
  3 centaur skeletons
  8 iguanas
  7 worker ants
  2 hound zombies
  3 worker ant zombies
  7 gnolls
  20 adders
  3 river rats (D:9)
  5 shadow imps
  6 oozes
  2 adder zombies
  An adder skeleton (D:8)
  2 worms (D:4)
  A dart slug (D:2)
  2 leopard geckos
  65 orcs
  2 giant cockroaches
  3 goblins
  5 hobgoblins
  9 jackals
  A quokka (D:4)
  2 ball pythons
  19 bats
  A frilled lizard (D:1)
  19 kobolds
  2 leopard gecko skeletons (D:6)
  2 quokka skeletons
  18 rats
  A fungus (Lair:1)
414 creatures vanquished.

Vanquished Creatures (others)
  A killer bee (D:10)
  A crimson imp (D:6)
  A quasit (D:6)
  15 fungi
  4 plants
22 creatures vanquished.

Grand Total: 436 creatures vanquished

Notes
Turn   | Place    | Note
-------+----------+-------------------------------------------
     0 | D:1      | Darkmans the Draconian Conjurer began the quest for the Orb.
     0 | D:1      | Reached XP level 1. HP: 14/14 MP: 3/3
   399 | D:1      | Reached XP level 2. HP: 12/20 MP: 0/5
   522 | D:1      | Learned a level 2 spell: Searing Ray
  1289 | D:2      | Reached XP level 3. HP: 22/26 MP: 1/6
  1706 | D:2      | Reached skill level 5 in Conjurations
  1975 | D:3      | Reached XP level 4. HP: 33/33 MP: 5/7
  2943 | D:3      | Noticed an ogre
  3173 | D:3      | Reached XP level 5. HP: 33/38 MP: 3/9
  3300 | D:3      | Found a hide-covered altar of Uskayaw.
  3328 | D:4      | Learned a level 3 spell: Confuse
  3360 | D:4      | Reached skill level 1 in Hexes
  3588 | D:3      | Reached XP level 6. HP: 33/45 MP: 1/10
  4837 | D:5      | Entered Level 5 of the Dungeon
  4842 | D:5      | Your scales start taking on a lurid green colour.
  4842 | D:5      | Reached XP level 7. HP: 50/50 MP: 6/11
  4842 | D:5      | Gained mutation: Your system is resistant to poisons. (rPois) [Green Draconian growth]
  5155 | D:5      | Found a stormy altar of Qazlal.
  5173 | D:5      | Reached skill level 5 in Hexes
  6531 | D:5      | Found a glowing golden altar of the Shining One.
  7713 | D:6      | Reached XP level 8. HP: 48/57 MP: 4/12
  7985 | D:6      | Found a staircase to the Ecumenical Temple.
  8013 | Temple   | Entered the Ecumenical Temple
  8023 | Temple   | Became a worshipper of Vehumet
  9066 | D:6      | Reached skill level 5 in Spellcasting
  9662 | D:6      | Noticed Pikel
  9702 | D:6      | Killed Pikel
  9702 | D:6      | Reached XP level 9. HP: 61/62 MP: 5/19
  9805 | D:6      | Noticed Grinder
  9807 | D:6      | Paralysed by Grinder for 7 turns
  9822 | D:6      | Killed Grinder
 10043 | D:6      | Noticed Eustachio
 10055 | D:6      | Killed Eustachio
 10718 | D:7      | Gained mutation: Your magical capacity is low. (-10% MP) [potion of mutation]
 10718 | D:7      | Lost mutation: Your magical capacity is low. (-10% MP) [potion of mutation]
 10718 | D:7      | Gained mutation: Scrolls take you a little longer to read. [potion of mutation]
 11476 | D:8      | Reached * piety under Vehumet
 11476 | D:8      | Offered knowledge of Shock by Vehumet.
 11985 | D:8      | Reached skill level 10 in Spellcasting
 12976 | D:8      | Reached ** piety under Vehumet
 12976 | D:8      | Offered knowledge of Throw Flame by Vehumet.
 12976 | D:8      | Reached skill level 1 in Shields
 12976 | D:8      | Reached XP level 10. HP: 69/69 MP: 15/24
 13156 | D:8      | Found Kolerphir's Armour Emporium.
 14559 | D:9      | Reached skill level 5 in Shields
 14832 | D:9      | Found a staircase to the Lair.
 14844 | D:9      | Offered knowledge of Throw Frost by Vehumet.
 14875 | D:9      | Gained mutation: You occasionally shout uncontrollably at your foes. [mutagenic meat]
 14876 | D:9      | Gained mutation: You have a pair of small horns on your head. [mutagenic meat]
 15004 | D:9      | Found an opulent altar of Gozag.
 15028 | D:9      | Reached *** piety under Vehumet
 15303 | D:10     | Entered Level 10 of the Dungeon
 15355 | D:10     | Found a flagged portal.
 15407 | Bailey   | Entered a bailey
 15439 | Bailey   | Offered knowledge of Force Lance by Vehumet.
 15814 | Bailey   | Noticed an orc knight
 15814 | Bailey   | Noticed an orc knight
 15821 | Bailey   | Killed an orc knight
 15822 | Bailey   | Killed an orc knight
 16087 | Bailey   | Noticed an orc knight
 16096 | Bailey   | Killed an orc knight
 16206 | Bailey   | Identified Nocoips's Volume of Transformation
 16884 | D:10     | Noticed a hill giant
 16937 | D:10     | Killed a hill giant
 16937 | D:10     | Reached XP level 11. HP: 74/74 MP: 5/25
 17079 | D:11     | Noticed a hill giant
 17676 | D:10     | Killed an unseen horror
 17890 | D:10     | Noticed a hill giant
 17956 | D:10     | Gained mutation: You are somewhat resistant to further mutation. [potion of mutation]
 18042 | D:10     | Killed a hill giant
 18042 | D:10     | Reached skill level 5 in Dodging
 18590 | D:9      | Found a faded altar of an unknown god.
 18590 | D:9      | Found a faded altar of an unknown god.
 18595 | D:9      | Found a faded altar of an unknown god.
 18597 | D:9      | Found a white marble altar of Elyvilon.
 18599 | D:9      | Found a faded altar of an unknown god.
 18825 | Lair:1   | Entered Level 1 of the Lair of Beasts
 19594 | Lair:1   | Learned a level 4 spell: Force Lance
 20487 | Lair:2   | Noticed a seven-headed hydra
 20501 | Lair:1   | Learned a level 4 spell: Iskenderun's Mystic Blast
 21722 | Lair:2   | Found a hole to the Spider Nest.
 23167 | Lair:3   | Noticed a five-headed hydra
 23767 | D:10     | Killed a hill giant
 23767 | D:10     | Reached XP level 12. HP: 68/81 MP: 20/26
 24399 | D:11     | Reached **** piety under Vehumet
 24966 | D:12     | Offered knowledge of Airstrike by Vehumet.
 24994 | D:12     | Learned a level 4 spell: Airstrike
 26056 | D:12     | Noticed a four-headed hydra
 26100 | D:12     | Found Mesemeiw's Weapon Boutique.
 26100 | D:12     | Found a staircase to the Orcish Mines.
 26135 | Orc:1    | Entered Level 1 of the Orcish Mines
 26139 | Orc:1    | Noticed a stone giant
 26163 | D:12     | Killed a four-headed hydra
 26976 | D:12     | Noticed a centaur warrior
 27003 | D:12     | Killed a centaur warrior
 27261 | D:12     | Reached skill level 10 in Dodging
 27657 | D:12     | Quit the game

Skill      XL: |  1  2  3  4  5  6  7  8  9 10 11 12 |
---------------+-------------------------------------+-----
Dodging        | 2 3 9 10 | 10.0
Conjurations   | 5 7 9 |  9.8
Hexes          | 3 4 7 |  7.0
Spellcasting   | 7 10 | 10.4
Shields        | 1 9 |  9.0
Fighting       | |  0.2
Stealth        | |  1.8
Unarmed Combat | |  0.2

Action                   |  1- 3 |  4- 6 |  7- 9 | 10-12 || total
-------------------------+-------+-------+-------+-------++-------
Melee: Unarmed           |    25 |       |       |       ||    25
       Tailslap          |     1 |     4 |     5 |    12 ||    22
       Dagger            |       |    65 |    14 |       ||    79
       Whip              |       |       |    27 |    64 ||    91
       Headbutt          |       |       |       |     8 ||     8
 Cast: Magic Dart        |    74 |   102 |   420 |   573 ||  1169
       Searing Ray       |       |    12 |    40 |   195 ||   247
       Confuse           |       |       |    15 |    12 ||    27
       Iskenderun's Myst |       |       |       |    32 ||    32
       Force Lance       |       |       |       |    15 ||    15
 Abil: Breathe Noxious F |       |       |     8 |    17 ||    25
       Stop Flying       |       |       |       |     2 ||     2
       Evoke Flight      |       |       |       |     2 ||     2
  Use: Scroll            |     4 |     2 |     5 |    19 ||    30
       Potion            |       |       |     3 |     9 ||    12
 Stab: Confused          |       |       |       |     2 ||     2
  Eat: Chunk             |     4 |     7 |    15 |    42 ||    68
       Bread ration      |       |     1 |     1 |     2 ||     4
       Meat ration       |       |       |     1 |       ||     1
       Fruit             |       |       |     4 |       ||     4
       Beef jerky        |       |       |       |     3 ||     3
       Pizza             |       |       |       |     1 ||     1
       Royal jelly       |       |       |       |     1 ||     1
Armor: Skin              |     9 |    28 |   102 |   246 ||   385
Dodge: Dodged            |    34 |    85 |   177 |   523 ||   819
Block: Buckler           |       |       |     1 |   255 ||   256
